[Event "MCCT Chessable Masters 2022"]
[Site "Online"]
[Date "2022.05.16"]
[Round "12.5"]
[White "Praggnanandhaa R"]
[Black "Van Foreest, Jorden"]
[Result "1-0"]
[ECO "E73"]
[WhiteElo "2642"]
[BlackElo "2715"]
[Annotator "TA"]
[PlyCount "97"]
[EventDate "2022.05.19"]
[EventType "tourn"]
[EventCountry "NET"]
[SourceTitle "playchess.com"]
[Source "ChessBase"]
[SourceQuality "1"]
[TimeControl "900+10"]

1. d4 Nf6 2. c4 g6 3. Nc3 Bg7 4. e4 d6 5. Be2 O-O 6. Be3 a5 {[%emt 0:00:23] E73: King's Indian: Averbakh Variation without 6...c5.} 7. h4 {[%emt 0:00:49][%cal Bh2h4,Bh4h5,Bh5h6][%mdl 32] [#]} a4 $146 ({Predecessor:} 7... Nc6 8. d5 Ne5 9. Nh3 c6 10. Qd2 a4 11. a3 cxd5 12. cxd5 Bxh3 13. Rxh3 Rc8 14. Nxa4 Nxe4 {½-½ (27) Davtyan,A (2437)-Van Foreest,L (2526) Groningen 2019}) 8. a3 e5 {[%emt 0:00:02] White has an edge.} 9. d5 Nbd7 10. h5 Nc5 11. Bxc5 dxc5 12. h6 Bh8 13. Nf3 Bd7 14. Qc2 Ne8 15. O-O-O Nd6 16. Kb1 Qe7 17. Bd3 Ra6 18. Qe2 Bf6 19. Rdf1 Rb8 20. Ka2 Kf8 21. g3 Bg4 22. Qe3 {[%emt 0:00:06] Inhibits Bg5.} Ra5 23. Nd2 Bd7 24. Qe2 Qe8 25. f3 (25. f4 {feels hotter.} b5 26. cxb5 Nxb5 27. f5) 25... Kg8 26. Rh2 Bh8 (26... c6 $14) 27. Ka1 ({Better is} 27. f4 $16) 27... Qe7 28. Qe3 Bf6 29. Qe1 Qe8 30. Qc1 Qe7 31. Qc2 Ra6 32. f4 Qe8 33. f5 {[%emt 0:00:58] [#] Threatens to win with fxg6.} Bg5 34. Nf3 Be3 (34... Qe7 $16) 35. Re1 Bd4 36. g4 {[%emt 0:00:02] White is more active.} g5 (36... Qe7 $16) 37. Nxg5 b5 (37... Rb6 $142 38. Nf3 Rb3) 38. cxb5 Bxb5 39. Nf3 {[%emt 0:00:14] Pair of Knights!} (39. Bxb5 $142 Nxb5 40. Nxb5 (40. Nxa4 {gets mated.} Nxa3 41. Qe2 Qxa4) 40... Rxb5 41. Qc1) 39... Bxd3 $18 40. Qxd3 Rab6 41. Rc2 (41. Nxd4 $18 cxd4 42. Na2) 41... Rb3 $1 $14 {[%emt 0:00:03] [#] aiming for ...Bxc3.} 42. Qd2 (42. f6 $5 ) 42... Kf8 $2 (42... f6 $11 43. g5 Bxc3 44. Rxc3 Rxb2 45. Qxb2 Rxb2 46. Kxb2 fxg5) 43. Qg5 $18 {[%emt 0:00:46] White is clearly winning.} Qe7 {[%emt 0:04:55] ...Qxg5 is the strong threat.} 44. f6 Qd8 45. Nxe5 {[%emt 0:00:52] White wants to mate with Qg7+.} Ne8 {[%emt 0:00:43][%cal Ob3b2] Prevents Qg7+.} 46. Nc6 Bxf6 (46... Qxf6 $142 47. Qxf6 Nxf6 48. Nxb8 Rxb8 49. Nxa4 Rb5) 47. Qf5 Qc8 48. Nxb8 Qxb8 49. e5 {[%emt 0:00:05] Weighted Error Value: White=0.27 (precise) /Black=0.19 (very precise)} 1-0

[Event "MCCT Chessable Masters 2022"]
[Site "Online"]
[Date "2022.05.16"]
[Round "12.6"]
[White "Harikrishna, Pentala"]
[Black "Mamedyarov, Shakhriyar"]
[Result "0-1"]
[ECO "A38"]
[WhiteElo "2705"]
[BlackElo "2770"]
[Annotator "TA"]
[PlyCount "116"]
[EventDate "2022.05.19"]
[EventType "tourn"]
[EventCountry "NET"]
[SourceTitle "playchess.com"]
[Source "ChessBase"]
[SourceQuality "1"]
[TimeControl "900+10"]

1. Nf3 Nf6 2. g3 g6 3. Bg2 Bg7 4. O-O O-O 5. c4 c5 6. Nc3 d5 7. cxd5 Nxd5 8. Nxd5 Qxd5 9. d3 Nc6 10. Be3 Qe6 $5 {[%emt 0:01:02][%mdl 4] A promising side line. A38: Symmetrical English vs ...g6: 4 Bg2 Bg7 5 Nf3 Nf6.} (10... Bd7 $11 {might be stronger.}) 11. Bxc5 (11. Ng5 {keeps more tension.} Qe5 12. Rc1 Qxb2 13. Rc2) 11... Bxb2 12. Rb1 Bf6 {[%emt 0:00:23] The position is equal.} 13. Qd2 b6 {[%emt 0:00:13] [#]} 14. Nd4 $1 {[%emt 0:01:33] [#]} Bxd4 $146 (14... Nxd4 {seems wilder.} 15. Bxd4 Rb8 16. Bxf6 Qxf6 17. Rfc1 Rd8) ({Predecessor:} 14... Nxd4 15. Bxd4 Rb8 16. Bxf6 Qxf6 17. Rfc1 Qd6 18. Qc2 Bg4 19. h3 Rbc8 {0-1 (55) Holzapfel,D (2304)-Lindemann,S (2367) Germany 2005}) 15. Bxd4 Nxd4 16. Bxa8 Qxe2 17. Qxe2 Nxe2+ 18. Kh1 Ba6 19. Bg2 {[%emt 0:00:17] Black must now prevent Rb3.} Rc8 20. Rb3 (20. Rfe1 $14) 20... Rc7 $11 21. Ra3 Bb5 22. Rb3 Nd4 23. Rb4 e5 24. Rd1 a5 25. Rb2 a4 (25... Rc5 $11) 26. f4 $1 $36 {[%emt 0:00:31][%mdl 2048] Keeping Black busy.} a3 27. Rf2 Bd7 28. fxe5 Be6 29. Be4 Rc5 30. Rb1 b5 31. Kg1 ({Stronger than} 31. Rb4 Rc1+ 32. Kg2 Nc2 33. Rxb5 Ne1+ 34. Kg1 Bh3 35. Rb8+ Kg7 36. Rxf7+ Kxf7 $17) 31... Rxe5 (31... h5 $14) 32. Rb4 Nf5 33. Rc2 Ne3 {[%emt 0:00:44] [#]} 34. Rc3 ({White should play} 34. Rd2 $1 $16) 34... Kg7 $1 $11 35. Bf3 (35. h3 $11) 35... Rf5 $17 36. Bg2 Bxa2 {[%emt 0:00:01] And now ...Bd5 would win. Black is more active.} 37. Rxa3 Nc2 $1 38. Rxa2 Nxb4 {[%emt 0:00:01][%mdl 4096] Endgame KRB-KRN} 39. Ra5 Nc2 {[%emt 0:00:19] Strongly threatening ...b4.} (39... Nxd3 $2 40. Be4 $18) 40. Be4 Rc5 41. Kf2 Kf6 42. h4 h5 43. Ke2 (43. Ra7 $17) 43... Ke5 $19 44. Ra7 $2 (44. Kd2) 44... Nd4+ $2 (44... f5 45. Bh1 b4) 45. Ke3 {[%emt 0:00:10] [#]} f5 $1 46. Bg2 ({Avoid the trap} 46. Re7+ $2 Kd6 47. Rg7 (47. Kxd4 $2 Kxe7 48. Bd5 Rc1 $19) 47... Ne6 48. Rxg6 fxe4 $19) 46... Rc2 47. Bf1 {[%emt 0:00:02] Prevents Re2+. This move loses the game for White.} (47. Bf3 $17) 47... Rc1 48. Bg2 (48. Re7+ {was forced.} Kf6 49. Rb7) 48... Re1+ 49. Kf2 Re2+ 50. Kf1 Rd2 51. Re7+ Kd6 52. Rg7 (52. Rb7 $142) 52... b4 {[%emt 0:00:01][%cal Bb5b4,Bb4b3][%mdl 32] Hoping for ...b3.} 53. Rxg6+ Kc5 54. Rg8 b3 55. Rc8+ Kb4 {[%emt 0:00:23] ( -> ...b2)} 56. Rb8+ Kc3 57. Rc8+ Kxd3 58. Bb7 Rd1+ {[%emt 0:00:10] Weighted Error Value: White=0.67/Black=0.16 (very precise)} (58... b2 $142 59. Ba6+ Ke4 60. Rb8 Ke3 61. Re8+ Kf3 62. Bb7+ Kxg3 63. Re3+ Kf4 64. Re1 Rc2 65. Kg1 Rc1 66. Kf2 Rxe1 67. Kxe1 b1=Q+ 68. Kf2 Qc2+ 69. Kg1 Kg3 70. Bf3 Nxf3+ 71. Kh1 Qh2#) 0-1

[Event "MCCT Chessable Masters 2022"]
[Site "Online"]
[Date "2022.05.16"]
[Round "12.7"]
[White "Jones, Gawain C B"]
[Black "Hansen, Eric"]
[Result "1-0"]
[ECO "C43"]
[WhiteElo "2669"]
[BlackElo "2606"]
[Annotator "TA"]
[PlyCount "109"]
[EventDate "2022.05.19"]
[EventType "tourn"]
[EventCountry "NET"]
[SourceTitle "playchess.com"]
[Source "ChessBase"]
[SourceQuality "1"]
[TimeControl "900+10"]

1. e4 e5 2. Nf3 Nf6 3. d4 Nxe4 4. Bd3 d5 5. Nxe5 Bd6 6. c4 c6 7. O-O O-O 8. Nc3 Nxc3 9. bxc3 Nd7 10. Nxd7 Bxd7 11. cxd5 cxd5 12. Qh5 {[%emt 0:00:04][%csl Gd3][%cal Rh5h7] C43: Petroff Defence: 3 d4.} g6 13. Qxd5 Qc7 14. Bh6 {[%emt 0:01:28] White is slightly better.} Rfe8 (14... Rfd8 $5 ) 15. Qf3 Qxc3 16. Qf6 Bf8 {[%emt 0:00:03] Prevents Qg7+.} 17. Bxf8 Rxf8 18. Be4 Rad8 {[%emt 0:02:52] [#]} 19. Rac1 $5 $146 {[%emt 0:00:50][%mdl 8] An interesting novelty.} ({Predecessor:} 19. Rfc1 Qb2 20. Bd5 Qb6 21. Qxb6 axb6 22. Bxb7 Be6 23. Rd1 Rd7 24. Bc6 Rd6 25. d5 Rfd8 26. Rab1 Bxd5 {½-½ (26) Solak,D (2567)-Savic,M (2477) Cetinje 2010}) 19... Qa5 20. h4 Rfe8 21. Bxb7 Re6 22. Qf4 Qb6 23. Rc7 (23. Rb1 $14 Qd6 24. Qxd6 Rxd6 25. d5) 23... Rf6 24. Qe5 {[%emt 0:00:05][%cal Oc7d7] And now Rxd7! would win.} Rf5 25. Qg3 Qxd4 26. Bf3 {[%emt 0:00:15] Threatens to win with Rd1.} Ba4 {[%emt 0:00:36] Prevents Rd1.} 27. h5 Kg7 28. Rfc1 Qd2 ({Better is} 28... Re8 $11) 29. R7c4 (29. Qh4 $1 $14 Re8 30. h6+ (30. Qxa4 $2 Re1+ 31. Kh2 Rxc1 $19) 30... Kf8 31. Rf1 (31. Qxa4 Re1+ 32. Kh2 Rxc1 $17)) 29... Rd4 $11 30. Rxd4 Qxd4 31. Qb8 gxh5 32. Qg3+ Kf6 33. Qg8 {[%emt 0:00:06] Threatening mate with Qh8+.} Rg5 $2 {[%emt 0:00:15][%mdl 8192] [#] White leaves nothing to chance now.} (33... Qd2 $11 {and Black has nothing to worry.} 34. Rf1 (34. Rc7 $2 Qe1+ 35. Kh2 Qe5+ 36. Qg3 Rf4 $19) 34... Re5) 34. Qxh7 $2 (34. Qh8+ $1 $18 {and the rest is easy.} Rg7 35. Qc8 (35. Bxh5 Qd2 $16)) 34... Qf4 $2 (34... Ke7 $16 35. Bxh5 (35. Rc7+ Bd7 $14) 35... Qd5 36. Re1+ Kd8) 35. Re1 Rg7 $2 (35... Qxf3 36. Qh6+ Kf5 37. Qh7+ Kf6 38. Qh8+ Kg6 39. Qg8+ Kh6 40. Qxg5+ Kxg5 41. gxf3 f6) 36. Qxh5 Bc2 {[%emt 0:00:09] [#]} 37. Qh8 Bf5 (37... Qg5 38. g4) 38. Bh5 Qd4 {[%emt 0:00:12] Inhibits Qd8+.} 39. Re3 Qa1+ 40. Kh2 Qd4 {[%emt 0:00:08] Prevents Qd8+.} 41. Rg3 Bg6 42. Bxg6 fxg6 $18 {[%emt 0:00:07][%mdl 4096] Endgame KQR-KQR} 43. Re3 Qd6+ 44. g3 {[%emt 0:00:04] Intending Rf3+ and mate.} g5 45. Qh6+ Rg6 46. Rf3+ Ke7 47. Qh7+ Kd8 48. Qh8+ Kc7 49. Rf7+ Kb6 50. Qb2+ Kc5 51. Qc2+ (51. Qc3+ $142 Kb6 52. Qb3+ Kc5 53. Rf5+ Kc6 54. Qc4+ Kd7 55. Rd5) 51... Kb6 52. Qb3+ Kc5 53. Rf5+ Kc6 54. Qc4+ Kd7 55. Rd5 {[%emt 0:00:02] Weighted Error Value: White=0.41/Black=0.67} 1-0

[Event "MCCT Chessable Masters 2022"]
[Site "Online"]
[Date "2022.05.16"]
[Round "12.8"]
[White "Anton Guijarro, David"]
[Black "Ding, Liren"]
[Result "1/2-1/2"]
[ECO "B50"]
[WhiteElo "2691"]
[BlackElo "2806"]
[Annotator "TA"]
[PlyCount "81"]
[EventDate "2022.05.19"]
[EventType "tourn"]
[EventCountry "NET"]
[SourceTitle "playchess.com"]
[Source "ChessBase"]
[SourceQuality "1"]
[TimeControl "900+10"]

1. e4 c5 2. Nf3 d6 3. c3 Nf6 4. Be2 g6 5. O-O Bg7 6. Bb5+ Nc6 7. d4 {[%emt 0:00:04] B50: Sicilian: 2...d6, Miscellaneous.} cxd4 8. cxd4 {[%emt 0:00:05] White wants to play d5.} O-O 9. d5 {[%emt 0:01:34] [#] White has an edge.} Na5 $146 ({Predecessor:} 9... Ne5 10. Nxe5 dxe5 11. Nc3 a6 12. Bd3 e6 13. Qb3 exd5 14. exd5 Ne8 15. Be3 Nd6 {0-1 (29) Airapetian,T (2094)-Akatova,E (2153) Dagomys 2004}) 10. Bd3 Bg4 (10... b5 $11 {remains equal.}) 11. Nbd2 $16 Nd7 12. Be2 ({Better is} 12. Rb1 $14 Qc7 13. h3 Bxf3 14. Nxf3) 12... Rc8 13. Rb1 {[%emt 0:00:32] [#] Hoping for b4.} Nb6 14. b3 e6 15. h3 Bxf3 16. Bxf3 ({Much worse is} 16. Nxf3 exd5 17. exd5 Rc5 $11) 16... Re8 17. dxe6 fxe6 18. Be2 Nc6 19. Nf3 d5 20. exd5 Nxd5 21. Bd2 Nc3 22. Bxc3 Bxc3 23. Bc4 a6 24. Qxd8 Rcxd8 25. Rfd1 Nd4 26. Rd3 Nxf3+ 27. Rxf3 Bd4 28. Re1 Rd6 29. a4 Kg7 30. g3 Re7 31. Kg2 e5 32. Re2 e4 33. Rf4 Rf6 34. Rxf6 Kxf6 $11 {[%emt 0:00:00][%mdl 4096] Endgame KRB-KRB} 35. Bd5 e3 36. fxe3 Rxe3 37. Rxe3 {[%emt 0:00:07] White is slightly better.} Bxe3 38. Bxb7 a5 39. Kf3 Bc5 40. Ba6 h5 41. h4 {[%emt 0:00:02] Weighted Error Value: White=0.08 (flawless) /Black=0.09 (flawless)} 1/2-1/2

[Event "MCCT Chessable Masters 2022"]
[Site "Online"]
[Date "2022.05.16"]
[Round "13.1"]
[White "Ding, Liren"]
[Black "Carlsen, Magnus"]
[Result "1/2-1/2"]
[ECO "E60"]
[WhiteElo "2806"]
[BlackElo "2864"]
[Annotator "TA"]
[PlyCount "95"]
[EventDate "2022.05.19"]
[EventType "tourn"]
[EventCountry "NET"]
[SourceTitle "playchess.com"]
[Source "ChessBase"]
[SourceQuality "1"]
[TimeControl "900+10"]

1. c4 g6 2. d4 Nf6 3. Nf3 Bg7 4. e3 O-O 5. Be2 b6 6. O-O {[%emt 0:00:05] E60: King's Indian: Unusual lines and Fianchetto Variation without Nc3.} Bb7 7. Qc2 e6 8. b4 {[%emt 0:00:03][%cal Bb2b4,Bb4b5][%mdl 32] The position is equal.} a5 9. b5 d6 10. Nc3 Nbd7 11. Ba3 Re8 {[%emt 0:00:03] [#]} 12. Rad1 $146 ({Predecessor:} 12. Nd2 e5 13. Bf3 Bxf3 14. Nxf3 exd4 15. exd4 Nf8 16. Rad1 Ne6 17. Qc1 Qd7 18. c5 {1-0 (38) Schitco,I (2462)-Strukova,K (1857) Schwarzach 2019}) 12... Qe7 {[%emt 0:01:45] [#]} (12... Rc8 $11 {remains equal.}) 13. Rfe1 {[%emt 0:00:32] White is more active.} (13. Ne5 $1 $16) 13... e5 $14 14. dxe5 Nxe5 15. Nd5 Bxd5 (15... Nxd5 {with more complications.} 16. cxd5 Ng4 17. Bb2 Bxb2 18. Qxb2 Rac8) 16. cxd5 Nxf3+ 17. Bxf3 Qd8 18. h4 Nd7 19. h5 Nc5 20. g3 Qf6 21. Kg2 Qc3 22. Qxc3 Bxc3 23. Rh1 Kg7 24. Rc1 Be5 25. h6+ Kf8 26. Rc4 Re7 27. Bc1 (27. Bxc5 $5 bxc5 28. Be2 $11) 27... Rae8 28. e4 Bf6 {[%emt 0:00:02] Inhibits Bg5.} 29. Be3 Kg8 30. Rd1 Kf8 31. Kh3 Kg8 32. Bg2 Kf8 33. Bf3 Kg8 $1 34. Kg2 Kf8 35. Kf1 Kg8 36. Bg2 Kf8 37. f3 Kg8 38. Bh3 Kf8 39. Kg2 Kg8 40. Kf2 Kf8 41. Bf1 Kg8 42. Bd3 Bh8 43. Bc2 f5 (43... Bb2 $142) 44. Bg5 $16 Re5 45. Bf4 R5e7 46. Bg5 Re5 47. Bf4 R5e7 48. Bg5 {[%emt 0:00:10] Weighted Error Value: White=0.13 (very precise) /Black=0.08 (flawless)} (48. exf5 $16 Re2+ 49. Kf1 gxf5 50. Rd2 Re1+ 51. Kf2 (51. Kg2 Rf8 $14)) 1/2-1/2

[Event "MCCT Chessable Masters 2022"]
[Site "Online"]
[Date "2022.05.16"]
[Round "13.2"]
[White "Hansen, Eric"]
[Black "Anton Guijarro, David"]
[Result "1-0"]
[ECO "C78"]
[WhiteElo "2606"]
[BlackElo "2691"]
[Annotator "TA"]
[PlyCount "89"]
[EventDate "2022.05.19"]
[EventType "tourn"]
[EventCountry "NET"]
[SourceTitle "playchess.com"]
[Source "ChessBase"]
[SourceQuality "1"]
[TimeControl "900+10"]

1. e4 e5 2. Nf3 Nc6 3. Bb5 a6 4. Ba4 Nf6 5. d3 Bc5 6. O-O d6 7. c3 Ba7 {[%emt 0:00:14] C78: Ruy Lopez: Archangelsk and Möller Defences.} 8. Re1 O-O 9. h3 h6 {[%emt 0:00:09] White has an edge.} 10. Bxc6 $5 {[%emt 0:01:07][%mdl 4] Leaves trodden paths.} bxc6 11. Be3 {[%emt 0:00:01] [#]} Bxe3 $146 ({Predecessor:} 11... c5 12. Nbd2 Rb8 13. b4 Nd7 14. Nb3 Bb6 15. bxc5 dxc5 16. Nfd2 Qe7 17. Nc4 Nf6 {½-½ (42) Alekseev,E (2645)-Drygalov,A (2494) Ekaterinburg 2019}) 12. Rxe3 Rb8 13. b3 Re8 14. Na3 c5 15. Nc4 Be6 16. Ncd2 Bd7 17. Rc1 g6 18. d4 cxd4 19. cxd4 exd4 20. Nxd4 Rb4 21. N4f3 {[%emt 0:01:50] White is more active.} Rb5 (21... Nxe4 22. a3 Nxd2 23. Rxe8+ (23. axb4 Rxe3 24. fxe3 Nxf3+ 25. Qxf3 Be6 $16) 23... Bxe8 24. axb4 Nxf3+ 25. Qxf3 $16) 22. Qc2 Rc5 23. Qb2 Rxc1+ 24. Qxc1 Nh5 25. e5 Nf4 (25... g5 $14) 26. Qc4 $1 $18 Ne6 27. exd6 ({Resist} 27. Qxa6 $6 d5 $14) 27... Bb5 {[%emt 0:00:21] [#]} (27... cxd6 $142 28. Ne4 (28. Qxa6 d5 $16) 28... Nc7) 28. dxc7 (28. Qc3 $1 $18 {is the precise move to win.}) 28... Nxc7 $16 29. Rxe8+ Nxe8 30. Qc3 Nf6 31. a4 Be2 (31... Be8 $16 {keeps fighting.} 32. Ne5 Qd5) 32. Nd4 $18 Bd1 33. Nc4 {[%emt 0:00:40] Nc6 is the strong threat.} Ne4 34. Qe3 Nd6 35. Ne5 {[%emt 0:00:49] And now Nec6 would win. Pair of Knights!} Qg5 (35... Nf5 $142 36. Nxf5 gxf5 37. Qxh6 Bxb3 38. Qxa6 Kg7) 36. Qxg5 hxg5 {[%emt 0:00:01][%mdl 4096] Endgame KBN-KNN} 37. Kf1 Nf5 $2 {[%emt 0:00:17] [#]} (37... g4 38. hxg4 f6) 38. Nec6 {[%emt 0:00:15] White is clearly winning.} g4 39. Ke1 gxh3 40. gxh3 ({But not} 40. Kxd1 $2 h2 41. Nxf5 h1=Q+ 42. Kc2 gxf5 $19) 40... Bh5 41. Nxf5 gxf5 42. Nb8 a5 43. Nc6 Bf3 44. Nxa5 Bd5 45. Nc4 {[%emt 0:00:03] Weighted Error Value: White=0.15 (very precise) /Black=0.45} 1-0

[Event "MCCT Chessable Masters 2022"]
[Site "Online"]
[Date "2022.05.16"]
[Round "13.3"]
[White "Mamedyarov, Shakhriyar"]
[Black "Jones, Gawain C B"]
[Result "1/2-1/2"]
[ECO "E65"]
[WhiteElo "2770"]
[BlackElo "2669"]
[Annotator "TA"]
[PlyCount "141"]
[EventDate "2022.05.19"]
[EventType "tourn"]
[EventCountry "NET"]
[SourceTitle "playchess.com"]
[Source "ChessBase"]
[SourceQuality "1"]
[TimeControl "900+10"]

1. d4 Nf6 2. c4 g6 3. g3 Bg7 4. Bg2 O-O 5. Nc3 d6 6. Nf3 c5 7. O-O Nc6 8. dxc5 dxc5 9. Bf4 Nh5 10. Be3 b6 $1 {[%emt 0:00:01][%mdl 4] is currently scoring better than 10...Nd4. E65: King's Indian: Fianchetto: 6...c5 7 0-0 without d5 by White.} 11. Qc1 Bb7 12. Bh6 Qe8 13. g4 Nf6 {[%emt 0:00:28] [#]} 14. h3 $146 ({Predecessor:} 14. Bxg7 Kxg7 15. h3 e5 16. Rd1 Qe6 17. Nd5 Rad8 18. Ng5 Qd6 19. e3 h6 20. Nxf6 Qxf6 21. Ne4 Rxd1+ 22. Qxd1 Qe7 23. Nc3 f5 24. gxf5 gxf5 {½-½ (24) Rulfs,E (2086)-Cvak,R (2195) LSS email 2016}) 14... Rd8 15. Qe3 Nd4 16. Bxg7 Kxg7 17. Qe5 {[%emt 0:00:34] Threatens to win with g5.} Nc6 18. Qg3 Rd7 19. Rad1 Rxd1 20. Rxd1 Qb8 {[%emt 0:00:02] Prevents Ne5.} 21. g5 Nh5 22. Qxb8 Rxb8 23. e3 Kf8 $1 24. b3 Ng7 25. Nb5 Ne6 26. h4 Rd8 27. Rxd8+ Nexd8 28. Ne1 Ke8 29. f4 Kd7 30. Nd3 f6 31. Kf2 Ba6 32. Bh3+ f5 33. Nc3 e6 34. h5 Nf7 35. Bg2 Nb4 36. Nxb4 {[%emt 0:01:23] White is more active.} cxb4 $16 {[%emt 0:00:01][%mdl 4096] Endgame KBN-KBN} 37. Ne2 gxh5 38. Kg3 Bc8 39. Kh4 Ke7 (39... Kd6 $142) 40. Kxh5 Bd7 41. Nd4 a5 (41... Kf8 $16 {keeps fighting.}) 42. e4 $18 Nh8 $2 (42... e5 43. Nxf5+ Kf8) 43. exf5 exf5 44. Kh6 Ng6 45. Kxh7 Nxf4 {[%emt 0:00:03] [#]} 46. g6 $1 Kd6 (46... Nxg2 $2 47. g7 Nf4 48. g8=Q) 47. Bf3 (47. g7 Nh5 48. Kg6 (48. Nb5+ Ke5 $16) 48... Nxg7 $18) 47... Nxg6 48. Kxg6 Ke5 49. Ne2 f4 50. Kg5 Bf5 51. Nxf4 {[%emt 0:00:11] Ng6+ is the strong threat.} Bb1 {[%emt 0:00:03] [#]} 52. Bd1 (52. Bc6 $1 $16) 52... Kd4 $11 {[%emt 0:00:33] The position is equal.} 53. Ne6+ Kc3 54. Nc7 Bxa2 55. Nd5+ Kd2 56. Nxb6 Kxd1 {[%emt 0:00:06] KB-KN} 57. c5 Bxb3 58. c6 Be6 {[%emt 0:00:09] Strongly threatening ...b3.} 59. Kf6 Bh3 {[%emt 0:00:18] White must now prevent ...b3.} 60. Nc4 b3 {[%emt 0:00:09] Hoping for ...Kc1.} (60... a4 $5 61. Nb2+ Kc2 62. Nxa4 Kb3 $11) 61. Ke5 $1 Kc1 (61... a4 $5 62. Nb2+ Kc2 63. Nxa4 b2 64. Nxb2 Kxb2 $11) 62. Kd4 (62. c7 b2 63. Nb6 b1=Q $19) 62... b2 63. Na3 (63. Nxb2 {gets mated.} Kxb2 64. Ke4 a4 65. Kf3 a3 66. Kg3 Bc8 67. Kh4 a2 68. Kh5 a1=Q 69. Kg6 Qg1+ 70. Kf7 Qg5 71. c7 Kc3 72. Kf8 Qf6+ 73. Kg8 Qe7 74. Kh8 Qf8+ 75. Kh7 Bf5#) 63... a4 64. Kc3 (64. c7 b1=Q 65. Kc5 Qf5+ 66. Kb4 Qf4+ 67. Kc5 Qf8+ 68. Kd5 Qxa3 69. Kc6 Qc3+ 70. Kd6 a3 71. Ke7 Qxc7+ 72. Kf6 a2 73. Kg6 a1=Q 74. Kh6 Qf6+ 75. Kh5 Qh7#) 64... Bg2 65. c7 Bh3 66. Kb4 Bd7 67. Kc3 b1=N+ 68. Nxb1 Kxb1 69. Kb4 Kb2 {[%emt 0:00:02] aiming for ...a3.} 70. c8=Q Bxc8 71. Kxa4 {[%emt 0:00:01] Black defended with fortune.  Weighted Error Value: White=0.07 (flawless) /Black=0.14 (very precise)} 1/2-1/2

[Event "MCCT Chessable Masters 2022"]
[Site "Online"]
[Date "2022.05.16"]
[Round "13.4"]
[White "Van Foreest, Jorden"]
[Black "Harikrishna, Pentala"]
[Result "1-0"]
[ECO "C92"]
[WhiteElo "2715"]
[BlackElo "2705"]
[Annotator "TA"]
[PlyCount "101"]
[EventDate "2022.05.19"]
[EventType "tourn"]
[EventCountry "NET"]
[SourceTitle "playchess.com"]
[Source "ChessBase"]
[SourceQuality "1"]
[TimeControl "900+10"]

1. e4 e5 2. Nf3 Nc6 3. Bb5 a6 4. Ba4 Nf6 5. O-O Be7 6. Re1 b5 7. Bb3 O-O 8. d3 d6 9. c3 Na5 10. Bc2 c5 11. Nbd2 Nc6 12. h3 Re8 13. a4 Bb7 14. Nf1 h6 15. Ne3 Bf8 16. Bb3 {[%emt 0:00:06] C92: Closed Ruy Lopez: 9...Be6, Karpov and Flohr-Zaitsev Variations.} Ne7 {[%emt 0:00:52] [#]} 17. Bd2 $146 ({Predecessor:} 17. Qe2 Ng6 18. Nd5 Bxd5 19. exd5 e4 20. dxe4 Rxe4 21. Qf1 Rxe1 22. Qxe1 Qd7 23. axb5 Re8 24. Qd1 axb5 25. c4 {0-1 (44) Blake,J-Spencer,E Stratford-upon-Avon 1925}) 17... Ng6 18. axb5 {[%emt 0:00:16] The position is equal.} axb5 19. Rxa8 Qxa8 20. c4 Bc6 ({Black should try} 20... Nf4 $11 21. Qc2 (21. cxb5 Nxd3 22. Bxf7+ Kxf7 $15) 21... b4) 21. cxb5 $14 Bxb5 {[%emt 0:00:03] [#]} 22. Bxf7+ $1 Kxf7 23. Qb3+ d5 $1 24. Qxb5 Rb8 25. Qa5 Qxa5 26. Bxa5 c4 (26... dxe4 $14 27. dxe4 Rxb2) 27. Nxd5 Nxd5 28. exd5 cxd3 29. Bc3 (29. Nxe5+ Nxe5 30. Rxe5 Rxb2 $11) 29... Bb4 30. g3 (30. Nxe5+ $2 Nxe5 31. Kf1 Bxc3 32. bxc3 d2 $1 $19) (30. Bxe5 $2 Re8 31. Bc3 Rxe1+ 32. Nxe1 Bxc3 33. Nxd3 Bd4 $19) (30. Kf1 $16) 30... Rb5 31. h4 ({Avoid the trap} 31. Nxe5+ $2 Nxe5 32. Bxb4 (32. Rxe5 $2 Bxc3 33. Rf5+ Kg6 $19) 32... Rxb4 $19) 31... Bxc3 32. bxc3 Rxd5 {[%emt 0:00:01][%mdl 4096] Endgame KRN-KRN} 33. h5 (33. Nd2 $14 {is more appropriate.}) 33... Ne7 $11 34. Rxe5 Kf6 35. Re1 Rxh5 ({Don't do} 35... d2 36. Rd1 $16) 36. Rd1 Rd5 37. Nd4 Nf5 38. Rxd3 {[%emt 0:00:02] aiming for Rf3.} Nxd4 39. cxd4 {[%emt 0:00:01] KR-KR} Kf5 40. f3 h5 41. Kf2 Rd8 42. d5 Ke5 43. f4+ Kd6 44. Kf3 {[%emt 0:01:17] And now Ke4 would win.} Re8 45. Rd1 g6 46. Kg2 {[%emt 0:00:36] Kh3 is the strong threat.} g5 47. fxg5 {[%emt 0:00:21] Threatens to win with Kh3.} Rg8 48. Kh3 {[%emt 0:00:06] Black must now prevent Kh4.} Rxg5 49. Rd4 Ke5 $2 {[%emt 0:00:06][%mdl 8192] [#]} (49... Re5 $11) 50. Kh4 $1 $18 Rf5 51. Rf4 $1 {[%emt 0:00:06] Weighted Error Value: White=0.10 (very precise) /Black=0.10 (very precise)} 1-0